 Dungeon Crawl Stone Soup version 0.31-a0-750-gfe7b580527 (webtiles) character file.

Game seed: 4093136337888983076

940 Dittersdorf the Trooper (level 7, -8/62 HPs)
             Began as a White Draconian Fighter on Sept 14, 2023.
             Was a Follower of Qazlal.
             Mangled by Blork the orc
             ... wielding a +0 battleaxe
              (11 damage)
             ... on level 5 of the Dungeon.
             The game lasted 00:08:01 (4035 turns).

Dittersdorf the Trooper (White Draconian Fighter)   Turns: 4035, Time: 00:08:02

Health: -8/62      AC:  6    Str: 18 (20) XL:     7   Next: 88%
Magic:  7/7        EV: 12    Int:  7 (8)  God:    Qazlal [*.....]
Gold:   233        SH:  6    Dex:  9 (11) Spells: 6/6 levels left

rFire   . . .        a - +0 long sword
rCold   + . .        b - +0 buckler
rNeg    . . .        (body armour unavailable)
rPois   .            (helmet restricted)
rElec   .            m - scarf {repulsion}
rCorr   .            (no gloves)
SInv    +            (no boots)
Will    +....        y - amulet of faith
Stlth   +            n - ring of see invisible
HPRegen 0.30/turn    j - ring of willpower
MPRegen 0.10/turn

%: repel missiles, faith
@: attractive
A: breathe frost, AC +6, unfitting armour, cold resistance 1, cold-blooded
a: Breathe Frost, Renounce Religion


You were on level 5 of the Dungeon.
You worshipped Qazlal.
Qazlal was aware of your devotion.
You visited 1 branch of the dungeon, and saw 5 of its levels.

You collected 233 gold pieces.

Inventory:

Hand Weapons
 a - a +0 long sword (weapon)
Missiles
 d - 2 poisoned darts
Armour
 b - a +0 buckler (worn)
 e - a +0 cloak
 m - a scarf of repulsion (worn)
Jewellery
 j - a ring of willpower (right hand)
 k - a ring of flight
 n - a ring of see invisible (left hand)
 r - a ring of resist corrosion
 u - a ring of fire
 v - a ring of ice
 y - an amulet of faith (around neck)
Wands
 i - a wand of flame (19) (quivered)
Scrolls
 h - a scroll of poison
 l - 3 scrolls of identify {unknown}
 o - 2 scrolls of torment {unknown}
 p - a scroll of amnesia {unknown}
 w - a scroll of teleportation {unknown}
 x - a scroll of fear {unknown}
Potions
 c - 2 potions of might


   Skills:
 + Level 5.9 Fighting
 + Level 4.9 Long Blades
 + Level 4.8 Dodging
 + Level 5.4 Shields


You had 6 spell levels left.
You didn't know any spells.
Your spell library contained the following spells:

 Spells                   Type           Power      Damage    Failure   Level
 Ensorcelled Hibernation  Hex/Ice        0%         N/A       65%         2
 Passwall                 Tmut/Erth      0%         N/A       65%         2
 Call Canine Familiar     Summ           0%         N/A       86%         3
 Sigil of Binding         Hex            0%         N/A       86%         3
 Swiftness                Air            0%         N/A       86%         3
 Dimensional Bullseye     Hex/Tloc       0%         N/A       99%         4
 Leda's Liquefaction      Hex/Erth       0%         N/A       99%         4
 Vhi's Electric Charge    Tloc/Air       0%         N/A       99%         4
 Arcjolt                  Conj/Air       0%         1d10      100%        5
 Plasma Beam              Fire/Air       0%         2x1d10    100%        6


Dungeon Overview and Level Annotations

Branches:
Dungeon (5/15)             Temple (0/1) D:4

Altars:
Ashenzari
Gozag
Nemelex Xobeh
Qazlal
Trog
Uskayaw

Shops:
D:3 (

Annotations:
D:5 Blork the orc


Innate Abilities, Weirdness & Mutations

You can breathe waves of freezing cold which knock back foes.
Your icy white scales are hard. (AC +6)
You cannot fit into any form of body armour.
Your flesh is cold resistant. (rC+)
You are cold-blooded and may be slowed by cold attacks.


Message History

The killer bee is engulfed in poison gas.
The killer bee looks even sicker.
The killer bee is engulfed in poison gas.
The killer bee looks as sick as possible!
You kill the killer bee!
Qazlal accepts your kill.
Blork the orc is engulfed in poison gas.
Blork the orc looks even sicker.
Blork the orc casts a cantrip, but nothing happens.
Blork the orc is attracted toward you.
The killer bee is engulfed in poison gas.
The killer bee looks even sicker.
Blork the orc looks even sicker.
The killer bee is engulfed in poison gas.
The killer bee looks as sick as possible!
The killer bee is engulfed in poison gas.
The killer bee looks as sick as possible!
You kill the killer bee!
Qazlal accepts your kill.
You are now surrounded by a storm.
Blork the orc is engulfed in poison gas.
Blork the orc looks as sick as possible!
Blork the orc attacks as he pursues you!
Blork the orc barely misses you.
Blork the orc looks as sick as possible!
You block Blork the orc's attack.
You feel your intelligence returning.
Blork the orc is engulfed in poison gas.
Blork the orc looks as sick as possible!
Blork the orc is engulfed in poison gas.
Blork the orc looks as sick as possible!
Blork the orc points at you and mumbles some strange words.
The magic dart hits you.
* * * LOW HITPOINT WARNING * * *
Blork the orc is engulfed in poison gas.
Blork the orc looks as sick as possible!
Blork the orc casts a spell at you. The magic dart hits you.
* * * LOW HITPOINT WARNING * * *
Blork the orc is attracted toward you.
Blork the orc hits you with a +0 battleaxe!
You die...

###............
##...≈#.#≈...###
##..≈≈≈#.#≈≈≈..#
#..≈≈≈≈#.#≈≈≈≈..#
##.≈≈≈≈≈#.#≈≈≈≈≈.#
#..≈≈≈≈≈#.#≈≈≈≈≈..
#.≈≈#####.#####≈≈.
#.≈≈# .... ≈≈.
#@≈≈# .# ## #≈.
#o≈≈##.#≈≈≈#
#.≈##.##≈≈≈#
#☼§#.##≈≈≈≈#
#.☼§##≈≈≈≈≈#
#§°☼#≈≈≈≈≈≈≈
#§§§§≈≈≈≈≈≈≈
##§§§○.≈≈≈≈≈
##§○§§.....


You could see Blork the orc (fast, extremely poisoned).

Vanquished Creatures
  Sigmund (D:3)
  A water moccasin (D:5)
  2 phantoms
  3 killer bees (D:5)
  Crazy Yiuf (D:3)
  2 hounds
  An orc priest (D:4)
  Terence (D:3)
  2 orc wizards (D:5)
  A gnoll (D:1)
  8 adders
  4 dart slugs
  6 orcs
  6 bats
  9 endoplasms
  9 giant cockroaches
  8 goblins
  11 hobgoblins
  7 kobolds
  3 quokkas
  11 ball pythons
  5 frilled lizards (D:3)
  9 rats
111 creatures vanquished.

Notes
Turn   | Place    | Note
-------+----------+-------------------------------------------
     0 | D:1      | Dittersdorf the Draconian Fighter began the quest for the
                  | Orb.
     0 | D:1      | Reached XP level 1. HP: 19/19 MP: 1/1
    43 | D:1      | Reached XP level 2. HP: 19/26 MP: 2/2
   303 | D:1      | Reached XP level 3. HP: 25/31 MP: 3/3
   960 | D:2      | Reached XP level 4. HP: 10/40 MP: 4/4
  1614 | D:3      | Noticed a phantom
  1686 | D:3      | Found a sparkling altar of Nemelex Xobeh.
  1729 | D:3      | Killed a phantom
  1730 | D:3      | Reached XP level 5. HP: 28/47 MP: 5/5
  2191 | D:3      | Noticed Sigmund
  2200 | D:3      | Killed Sigmund
  2201 | D:3      | Reached XP level 6. HP: 36/55 MP: 6/6
  2435 | D:3      | Found a hide-covered altar of Uskayaw.
  2435 | D:3      | Noticed Terence
  2436 | D:3      | Found a stormy altar of Qazlal.
  2436 | D:3      | Found a bloodstained altar of Trog.
  2458 | D:3      | Killed Terence
  2473 | D:3      | Became a worshipper of Qazlal Stormbringer
  2566 | D:3      | Found Oloepaomp's Weapon Emporium.
  2727 | D:3      | Found a runed translucent door.
  2728 | D:3      | Noticed Crazy Yiuf
  2751 | D:3      | Killed Crazy Yiuf
  2752 | D:3      | Reached skill level 5 in Fighting
  2875 | D:4      | Your scales start taking on an icy white colour.
  2875 | D:4      | Reached XP level 7. HP: 53/61 MP: 7/7
  2875 | D:4      | Gained mutation: Your flesh is cold resistant. (rC+) [White
                  | Draconian growth]
  3000 | D:4      | Found a broken altar of Ashenzari.
  3114 | D:4      | Found a staircase to the Ecumenical Temple.
  3335 | D:5      | Entered Level 5 of the Dungeon
  3364 | D:5      | Reached skill level 5 in Shields
  3601 | D:5      | Found an opulent altar of Gozag.
  4006 | D:5      | Identified the +5 spear "Jatux" {speed, rF+}
  4010 | D:5      | Noticed Blork the orc
  4021 | D:5      | HP: 3/62 [poisoned by a killer bee]
  4022 | D:5      | HP: 1/62 [poisoned by a killer bee]
  4032 | D:5      | Reached * piety under Qazlal
  4034 | D:5      | HP: 3/62 [Blork the orc/magic dart (3)]
  4035 | D:5      | Mangled by Blork the orc

Illustrated notes

Levels and vault maps discovered:
D:1:      dpeg_arrival_leaves_temple_mockup, layout_basic
D:2:      layout_basic
D:3:      layout_basic, nemelex_dance_club_becter, grunt_temple_overflow_open,
          serial_shops, nicolae_shop_gibbet_a_chance, minmay_joined_circles,
          uniq_terence, uniq_sigmund, uniq_crazy_yiuf_cottage
D:4:      layout_rooms, evilmike_ruin_ashenzari, temple_fountains,
          chequers_jeans
D:5:      kennysheep_steamy, layout_loops_ring,
          nicolae_gozag_cash_rules_everything_around_me, grunt_decor_junction,
          uniq_blork_the_orc, uniq_prince_ribbit1

Skill      XL: |  1  2  3  4  5  6  7 |
---------------+----------------------+-----
Dodging        | 3 4 |  4.8
Fighting       | 4 5 |  5.9
Long Blades    | 3 4 |  4.9
Shields        | 4 5 |  5.4

Action                     |  1- 3 |  4- 6 |  7- 9 || total
---------------------------+-------+-------+-------++-------
  Melee: Long sword        |   114 |   174 |   104 ||   392
         Tailslap          |    12 |    17 |    10 ||    39
  Throw: Dart              |       |     2 |       ||     2
  Evoke: Wand              |       |    16 |     1 ||    17
    Use: Potion            |       |     4 |     5 ||     9
         Scroll            |       |       |     2 ||     2
   Stab: Sleeping          |     2 |     3 |       ||     5
         Distracted        |       |       |     1 ||     1
 Armour: Skin              |    70 |    96 |   107 ||   273
  Dodge: Dodged            |    88 |    99 |    66 ||   253
         Repelled          |       |       |     1 ||     1
  Block: Buckler           |    28 |    39 |    24 ||    91

Table legend: (Time is in decaauts)
 A = Elapsed time spent in this place.
 B = Non-inter-level travel time spent in this place.
 C = Inter-level travel time spent in this place.
 D = Time resting spent in this place.
 E = Time spent auto-exploring this place.
 F = Levels seen in this place.
 G = Mean time per level.
                   A        B        C        D        E       F      G
               +--------+--------+--------+--------+--------+-----+--------+
         Total |   4120 |   3998 |    122 |    651 |   2306 |   5 |  824.0 |
       Dungeon |   4120 |   3998 |    122 |    651 |   2306 |   5 |  824.0 |
               +--------+--------+--------+--------+--------+-----+--------+

Top non-repeatable levels by time:
     D:3: 1310 daAuts
     D:2: 820 daAuts
     D:1: 779 daAuts
     D:4: 714 daAuts
     D:5: 495 daAuts
